 Dungeon Crawl Stone Soup version 0.22-a0-525-gf69a0803ab (webtiles) character file.

547965 gouglew the Executioner (level 25, 0/239 HPs)
             Began as a Hill Orc Fighter on June 20, 2018.
             Was a High Priest of Yredelemnul.
             Killed from afar by a fire dragon (36 damage)
             ... with a blast of flame
             ... on level 5 of the Depths on June 21, 2018.
             The game lasted 06:30:46 (50454 turns).

gouglew the Executioner (Hill Orc Fighter)         Turns: 50454, Time: 06:30:47

Health: 0/239      AC: 38    Str: 29    XL:     25   Next: 56%
Magic:  0/37       EV: 16    Int: 12    God:    Yredelemnul [*****.]
Gold:   5223       SH: 21    Dex: 15    Spells: 24/24 levels left

rFire    . . .     SeeInvis +   Y - +9 war axe (vamp)
rCold    + + +     Gourm    .   e - +2 shield {AC+3}
rNeg     + + +     Faith    .   o - +4 plate armour {rPois}
rPois    +         Spirit   +   c - +5 helmet of Resourcefulness {rC+ rN+ Dex-2}
rElec    .         Reflect  +   u - scarf {Spirit}
rCorr    .         Harm     .   L - +1 pair of gloves
MR       +....                  b - +0 pair of boots
Stlth    ..........             m - amulet of Binoaty {Reflect rN+ Slay+3 SH+4}
HPRegen  0.49/turn              J - ring "Kuec Sel" {rPois rN+++ Str+2 Slay+5}
MPRegen  0.25/turn              B - ring "Rocuekhli" {+Fly rC++ Int+3 Dex+2}

@: no status effects
A: see invisible, agile 1, cold resistance 1
}: 4/15 runes: decaying, silver, abyssal, gossamer
a: Recall Undead Slaves, Injury Mirror, Animate Dead, Drain Life, Enslave Soul,
Renounce Religion, Evoke Flight


You were on level 5 of the Depths.
You worshipped Yredelemnul.
Yredelemnul was extremely pleased with you.
You were not hungry.

You visited 10 branches of the dungeon, and saw 46 of its levels.
You visited the Abyss 4 times.
You also visited: Trove.

You collected 7145 gold pieces.
You spent 1922 gold pieces at shops.

Inventory:

Hand Weapons
 Y - a +9 vampiric war axe (weapon)
Armour
 b - a +0 pair of boots (worn)
 c - the +5 helmet of Resourcefulness (worn) {rC+ rN+ Dex-2}
   (You found it on level 1 of the Depths)

   It affects your dexterity (-2).
   It protects you from cold.
   It protects you from negative energy.
 e - a +2 shield of protection (worn)
 o - a +4 plate armour of poison resistance (worn)
 u - a scarf of spirit shield (worn)
 L - a +1 pair of gloves (worn)
Jewellery
 m - the amulet of Binoaty (around neck) {Reflect rN+ Slay+3 SH+4}
   (You found it on level 3 of the Elven Halls)

   [amulet of reflection]

   It shields you and reflects attacks.
   It affects your accuracy and damage with ranged weapons and melee attacks
   (+3).
   It protects you from negative energy.
   It affects your SH (+4).
 r - the amulet of Vitality {Regen+ HP+15}
   (You bought it in a shop on level 3 of the Elven Halls)

   [amulet of regeneration]

   It affects your health (+15).
   It increases your rate of regeneration.
 y - an uncursed ring of protection from magic
 B - the ring "Rocuekhli" (right hand) {+Fly rC++ Int+3 Dex+2}
   (You bought it in a shop on level 3 of the Elven Halls)

   [ring of intelligence]

   It affects your intelligence (+3).
   It affects your dexterity (+2).
   It greatly protects you from cold.
   It lets you fly.
 J - the ring "Kuec Sel" (left hand) {rPois rN+++ Str+2 Slay+5}
   (You acquired it on level 3 of the Swamp)

   [ring of strength]

   It affects your strength (+2).
   It affects your accuracy and damage with ranged weapons and melee attacks
   (+5).
   It protects you from poison.
   It renders you almost immune to negative energy.
Wands
 z - a wand of digging (47)
 G - a wand of disintegration (64)
 I - a wand of enslavement (23)
 Q - a wand of iceblast (28)
 R - a wand of acid (25)
 U - a wand of paralysis (38)
 W - a wand of flame (142)
 X - a wand of polymorph (39)
Scrolls
 h - 22 scrolls of identify
 k - 2 scrolls of blinking
 s - 20 scrolls of teleportation
 w - 5 scrolls of fear
 E - 13 scrolls of magic mapping
 H - 30 scrolls of remove curse
 N - 2 scrolls of enchant armour
 O - 4 scrolls of enchant weapon
 P - 5 scrolls of fog
Potions
 g - 3 potions of heal wounds
 i - 8 potions of ambrosia
 j - 10 potions of curing
 n - 2 potions of cancellation
 p - a potion of magic
 v - 9 potions of flight
 x - a potion of berserk rage
 D - 5 potions of invisibility
 F - 2 potions of resistance
 K - a potion of brilliance
 M - 2 potions of might
 V - 12 potions of lignification
 Z - 6 potions of haste
Comestibles
 f - 83 rations


   Skills:
 + Level 22.3 Fighting
 + Level 24.6 Axes
 + Level 20.7 Armour
 + Level 12.9 Dodging
 - Level 15.0 Shields
 + Level 21.8 Invocations
 - Level 10.0 Evocations


You had 24 spell levels left.
You didn't know any spells.
Your spell library contained the following spells:

 Spells                   Type           Power        Failure   Level  Hunger
 Cause Fear               Hex            #.........   100%        4    #####..
 Magic Dart               Conj           #...         80%         1    ##.....
 Fireball                 Conj/Fire      #.........   100%        5    ######.
 Apportation              Tloc           #.....       80%         1    ##.....
 Conjure Flame            Conj/Fire      #.......     99%         3    ####...
 Bolt of Fire             Conj/Fire      #.........   100%        6    #######
 Lightning Bolt           Conj/Air       #.........   100%        5    ######.
 Bolt of Magma            Conj/Fire/Erth #.........   100%        5    ######.
 Slow                     Hex            #.......     90%         2    ###....
 Confuse                  Hex            #.......     99%         3    ####...
 Invisibility             Hex            #.......     100%        6    #######
 Throw Frost              Conj/Ice       #.....       90%         2    ###....
 Controlled Blink         Tloc           N/A          100%        8    #######
 Freezing Cloud           Conj/Ice/Air   #.........   100%        6    #######
 Mephitic Cloud           Conj/Pois/Air  #.......     99%         3    ####...
 Ring of Flames           Chrm/Fire      #.........   100%        7    #######
 Death's Door             Chrm/Necr      #.........   100%        8    #######
 Summon Small Mammal      Summ           #...         80%         1    ##.....
 Blink                    Tloc           N/A          90%         2    ###....
 Iskenderun's Mystic Bla  Conj           #.......     100%        4    #####..
 Summon Horrible Things   Summ           #.........   100%        8    #######
 Animate Dead             Necr           N/A          100%        4    #####..
 Pain                     Necr           #...         80%         1    ##.....
 Animate Skeleton         Necr           N/A          80%         1    ##.....
 Vampiric Draining        Necr           #.........   99%         3    ####...
 Haunt                    Necr/Summ      #.........   100%        7    #######
 Borgnjor's Revivificati  Necr           #.........   100%        8    #######
 Freeze                   Ice            #...         80%         1    ##.....
 Ozocubu's Refrigeration  Ice            #.........   100%        6    #######
 Summon Ice Beast         Ice/Summ       #.......     100%        4    #####..
 Ozocubu's Armour         Chrm/Ice       #.......     99%         3    ####...
 Call Imp                 Summ           #.......     90%         2    ###....
 Dispel Undead            Necr           #.......     100%        5    ######.
 Regeneration             Chrm/Necr      #.........   99%         3    ####...
 Tukima's Dance           Hex            #.......     99%         3    ####...
 Summon Greater Demon     Summ           #.........   100%        7    #######
 Iron Shot                Conj/Erth      #.........   100%        6    #######
 Shock                    Conj/Air       #...         80%         1    ##.....
 Swiftness                Chrm/Air       #.......     90%         2    ###....
 Recall                   Summ/Tloc      N/A          99%         3    ####...
 Spider Form              Tmut/Pois      #.........   99%         3    ####...
 Statue Form              Tmut/Erth      #........    100%        6    #######
 Ice Form                 Ice/Tmut       #.......     100%        4    #####..
 Necromutation            Tmut/Necr      #.........   100%        8    #######
 Death Channel            Necr           #.........   100%        6    #######
 Deflect Missiles         Chrm/Air       #.........   100%        6    #######
 Throw Icicle             Conj/Ice       #.......     100%        4    #####..
 Airstrike                Air            #.........   100%        4    #####..
 Confusing Touch          Hex            #.....       80%         1    ##.....
 Passwall                 Tmut/Erth      #.......     90%         2    ###....
 Ignite Poison            Fire/Tmut/Pois #.......     99%         3    ####...
 Ensorcelled Hibernation  Hex/Ice        #.....       90%         2    ###....
 Summon Butterflies       Summ           #.......     80%         1    ##.....
 Silence                  Hex/Air        #.........   100%        5    ######.
 Shatter                  Erth           #.........   100%        9    #######
 Dispersal                Tloc           #.........   100%        6    #######
 Static Discharge         Conj/Air       #.......     99%         3    ####...
 Corona                   Hex            #......      80%         1    ##.....
 Alistair's Intoxication  Tmut/Pois      #.......     100%        5    ######.
 Simulacrum               Ice/Necr       #.........   100%        6    #######
 Conjure Ball Lightning   Conj/Air       #.........   100%        6    #######
 Excruciating Wounds      Chrm/Necr      #.........   100%        5    ######.
 Portal Projectile        Hex/Tloc       #.....       99%         3    ####...
 Monstrous Menagerie      Summ           #.........   100%        7    #######
 Malign Gateway           Summ/Tloc      #.........   100%        7    #######
 Tornado                  Air            #.........   100%        9    #######
 Leda's Liquefaction      Hex/Erth       #.........   100%        4    #####..
 Beastly Appendage        Tmut           #.....       80%         1    ##.....
 Disjunction              Tloc           #.........   100%        8    #######
 Fulminant Prism          Conj/Hex       #.........   100%        4    #####..
 Dazzling Spray           Conj/Hex       #.....       99%         3    ####...
 Force Lance              Conj/Tloc      #.......     100%        4    #####..
 Spectral Weapon          Hex/Chrm       #.......     99%         3    ####...
 Searing Ray              Conj           #.....       90%         2    ###....
 Discord                  Hex            #.........   100%        8    #######
 Summon Lightning Spire   Summ/Air       #.......     100%        4    #####..
 Irradiate                Conj/Tmut      #.........   100%        5    ######.
 Gell's Gravitas          Tloc           #.........   99%         3    ####...
 Yara's Violent Unravell  Hex/Tmut       #.........   100%        5    ######.
 Infestation              Necr           #.........   100%        8    #######
 Lesser Beckoning         Tloc           #.........   99%         3    ####...
 Poisonous Vapours        Pois/Air       #.....       90%         2    ###....
 Ignition                 Fire           #.........   100%        8    #######
 Borgnjor's Vile Clutch   Necr/Erth      #.........   100%        5    ######.


Dungeon Overview and Level Annotations

Branches:
Dungeon (15/15)            Temple (1/1) D:7            Lair (6/6) D:9
  Swamp (4/4) Lair:3       Spider (4/4) Lair:3        Slime (0/5) Lair:6
    Orc (2/2) D:10            Elf (3/3) Orc:2        Vaults (5/5) D:14
  Crypt (0/3) Vaults:3     Depths (5/5) D:15            Zot (1/5) Depths:5

Altars:
Ashenzari
Cheibriados
Dithmenos
Elyvilon
Fedhas
Gozag
Hepliaklqana
Kikubaaqudgha
Makhleb
Nemelex Xobeh
Okawaru
Qazlal
Sif Muna
Trog
Uskayaw
Vehumet
Wu Jian
Xom
Yredelemnul
Zin
The Shining One
Jiyva

Shops:
D:5 (   D:14 %   D:15 :   Orc:2 ?(%:   Elf:3 =[   Vaults:4 :

Portals:
Hell: Depths:1 Depths:2 Depths:3 Depths:4 Depths:5
Abyss: Depths:2 Depths:4 Depths:5
Pandemonium: Orc:2 Depths:1 Depths:3
Ziggurat: Depths:5

Annotations:
D:4 1 runed door, levstk's ghost, amateur DrTm
D:5 Blork the orc
D:11 exclusion: oklob plant
D:12 Frances
Lair:2 exclusion: oklob plant
Lair:6 1 runed door


Innate Abilities, Weirdness & Mutations

You have supernaturally acute eyesight. (SInv)
You are agile. (Dex +2)
Your flesh is cold resistant. (rC+)


Message History

Your very ugly thing zombie hits the purple draconian.
The fire giant points at you and mumbles some strange words.
The fireball explodes!
The fireball engulfs you!
* * * LOW HITPOINT WARNING * * *
The fireball engulfs your fire dragon zombie.
The fireball engulfs your caustic shrike zombie.
The fireball engulfs your ugly thing zombie.
The fireball engulfs your merfolk impaler zombie.
Your merfolk impaler zombie is destroyed!
The fireball engulfs your very ugly thing zombie.
Your very ugly thing zombie is destroyed!
The fireball engulfs your caustic shrike zombie.
You swap places.
Your caustic shrike zombie claws the purple draconian!
The lich touches your caustic shrike zombie but does no damage.
The fire dragon breathes flames at you.
The blast of flame hits your ugly thing zombie.
The blast of flame hits you!
You die...
Your body rises from the dead as a mindless zombie.

#.##.....Z##Z..##.......#...#....
#n########ZZZ###....)...#..Z#....
#.# ###ZAZ### #####(...#........
..####...###.###...'##..#..##.n..
###....###...#....Z..#..#..##.###
#...####....##.D.(Zd.##.#..##.#..
..###......[#).[Z.ZZZ.#.#..##.#..
ZZZZZZZZ)⌠..)).DZZ....###..##.#..
#Z###.......#...@Z.Z..#.#........
#.).####....##.C.Z.L.##.#........
...)...###...#....)).#..#........
#####(..Z###.###...[##..#........
..##.###.ZZ### #####.)..#...#Z###
..#)## ###...###........#.#.#.#
..(## ###...###......#.#.#Z###
.)## ###..###..⌠..#...ZZZ.. ..#
##..Z##....##..#Z###


You could see a purple draconian, a fire giant, a fire dragon, an ice dragon, a
lich, a friendly fire dragon zombie, a friendly ice dragon zombie, a friendly
ugly thing zombie, a friendly yaktaur captain zombie, a friendly tengu reaver
zombie, 5 friendly caustic shrike zombies and a friendly frost giant skeleton.

Vanquished Creatures
  Bai Suzhen (Vaults:4)
  4 caustic shrikes (Depths:5)
  4 golden dragons
  Arachne (Spider:2)
  3 tentacled monstrosities
  Asterion (Spider:4)
  4 titans
  2 liches
  2 deep elf blademasters
  3 thorn hunters
  3 shadow dragons
  A sphinx (Depths:3)
  A tentacled starspawn (Abyss:4)
  3 storm dragons (Vaults:5)
  A draconian monk (Depths:5)
  3 tengu reavers
  2 fire giants
  An azure jelly (shapeshifter) (Vaults:5)
  A draconian knight (Depths:5)
  An orc warlord (Orc:1)
  4 deep elf sorcerers
  5 vault wardens
  Louise (Swamp:1)
  6 emperor scorpions
  6 frost giants
  2 balrugs
  2 spriggan defenders (Depths:1)
  3 ghost moths
  9 ironheart preservers
  13 very ugly things
  4 deep elf elementalists
  16 stone giants
  A war gargoyle (Vaults:5)
  A green draconian (Depths:5)
  4 deep elf demonologists
  3 white draconians
  A black draconian (Depths:5)
  2 deep elf annihilators
  3 red draconians
  4 entropy weavers
  3 spark wasps
  9 ettins
  6 deep elf death magi
  2 great orbs of eyes
  9 fire dragons
  15 vault guards
  13 yaktaur captains
  A spriggan air mage (Depths:2)
  5 ice dragons
  4 hydras
  6 rakshasas
  3 alligators
  A peacekeeper (Vaults:2)
  3 death knights
  11 ogre magi
  7 centaur warriors
  35 two-headed ogres
  Erica (D:9)
  2 deep troll shamans
  10 thrashing horrors
  4 deep troll earth magi
  16 dancing weapons
  2 spriggan berserkers
  2 tengu warriors
  A vampire mage (Depths:2)
  Sonja (D:12)
  4 orc high priests (Orc:2)
  5 wretched stars
  9 skeletal warriors
  A shadow wraith (Vaults:4)
  14 deep elf knights
  13 deep trolls
  2 swamp dragons
  8 hell knights
  A torturous demonspawn (Depths:3)
  3 wizards
  3 unseen horrors
  2 flayed ghosts
  7 ironbrand convokers
  An infernal demonspawn (Depths:3)
  A shambling mangrove (Swamp:2)
  2 glowing orange brains
  8 deep elf archers
  3 phantasmal warriors
  A wolf spider zombie (D:14)
  3 harpies
  7 orc knights
  Pikel (D:6)
  47 deep elf magi
  6 necromancers
  6 orb spiders
  7 wolf spiders
  5 orc sorcerers
  A lindwurm (Lair:6)
  A mana viper (shapeshifter) (Elf:1)
  3 worldbinders
  A manticore (shapeshifter) (Depths:2)
  21 ugly things
  3 cyclopes
  3 manticores
  2 salamanders (Depths:2)
  A fire giant skeleton (Depths:1)
  3 centaur zombies
  A rust devil (Depths:5)
  An apocalypse crab (Abyss:4)
  6 vault sentinels
  A water nymph (Abyss:3)
  3 black mambas (shapeshifter)
  2 naga magi (D:15)
  A black mamba (Lair:2)
  5 torpor snails (Lair:6)
  A hellion (Abyss:4)
  A smoke demon (Abyss:4)
  5 komodo dragons
  2 gargoyles (D:10)
  13 spiny frogs
  3 freezing wraiths
  2 kobold demonologists (D:11)
  40 yaktaurs
  An ice devil (Depths:3)
  A rime drake (shapeshifter) (Vaults:5)
  2 demonic crawlers
  A tormentor (Abyss:4)
  2 efreet
  A hellwing (Orc:2)
  A tengu conjurer (D:14)
  2 trolls
  2 red devils (Abyss:4)
  8 meliai
  4 ancient zymes
  13 jumping spiders
  16 hornets
  A troll (shapeshifter) (Depths:4)
  2 saltlings (Vaults:2)
  4 tyrant leeches
  13 large abominations
  17 slime creatures
  A slime creature (shapeshifter) (Vaults:5)
  5 hippogriffs
  14 blink frogs
  4 bog bodies
  7 raiju (Abyss:4)
  A centaur simulacrum (D:15)
  A redback (shapeshifter) (Vaults:2)
  31 redbacks
  3 flying skulls
  Sigmund (D:4)
  3 ynoxinuls (Abyss:4)
  5 shadows
  An air elemental (Elf:2)
  A tarantella (shapeshifter) (Vaults:4)
  A wyvern (shapeshifter) (D:15)
  14 water elementals
  12 tarantellas
  2 wyverns
  3 basilisks
  7 spriggans
  A wraith (D:13)
  Eustachio (D:5)
  3 fire elementals
  3 hogs (Swamp:1)
  2 fire bats (Depths:2)
  34 yaks
  2 human simulacra
  10 vampire mosquitoes
  2 neqoxecs
  Menkaure (D:6)
  A chaos spawn (Abyss:4)
  3 wargs
  8 swamp worms
  An acid dragon (Vaults:2)
  6 insubstantial wisps
  4 soldier ants (Spider:1)
  14 water moccasins
  2 hornet zombies
  5 porcupines
  A deep troll skeleton (Vaults:2)
  A hell hound (Abyss:4)
  6 sky beasts
  17 orc warriors
  A slave (D:6)
  3 black bears
  3 swamp drakes
  42 ogres
  7 boggarts
  3 ice beasts
  12 wolves
  An eye of draining (Abyss:3)
  A tengu (shapeshifter) (Vaults:5)
  12 centaurs
  9 small abominations
  5 crocodiles
  A big kobold (shapeshifter) (Vaults:3)
  2 big kobolds
  17 bullfrogs
  2 human zombies (Vaults:2)
  An ogre simulacrum (Vaults:1)
  A wyvern zombie (D:11)
  An earth elemental (Elf:2)
  A wyvern skeleton (D:14)
  4 scorpions
  A water moccasin skeleton (D:8)
  6 killer bees (Abyss:4)
  6 wights
  A howler monkey (D:8)
  3 electric eels
  2 quasits
  5 bullfrog zombies
  6 crimson imps
  17 starcursed masses
  2 jellies
  3 hounds
  15 orc priests
  3 centaur skeletons
  15 orc wizards
  A bullfrog skeleton (D:6)
  An iron imp (Abyss:3)
  Jessica (D:2)
  2 iguanas
  13 worker ants
  2 hound zombies
  2 worker ant zombies (D:9)
  12 adders
  5 shadow imps
  3 white imps (Abyss:3)
  2 adder skeletons
  3 worms
  4 dart slugs
  5 leopard geckos
  48 orcs
  A ball python (D:4)
  3 giant cockroaches
  7 goblins
  3 hobgoblins
  10 jackals
  5 quokkas
  7 bats
  3 frilled lizards
  9 kobolds
  A leopard gecko skeleton (D:6)
  A quokka skeleton (D:4)
  10 rats
  7 briar patches (Swamp:4)
  A plant (Lair:6)
  2 starspawn tentacles (Abyss:4)
1324 creatures vanquished.

Vanquished Creatures (collateral kills)
  2 juggernauts
  Frederick (Vaults:2)
  The ghost of Egguit the Slayer, a veteran HOFi of Beogh (Elf:1)
  2 caustic shrikes
  2 golden dragons
  Nikola (Spider:2)
  the Enchantress (Depths:1)
  2 tentacled monstrosities
  6 liches
  A deep elf blademaster (Elf:3)
  A quicksilver dragon (Depths:5)
  2 deep elf master archers (Elf:3)
  3 titans (Vaults:5)
  6 sphinxes
  A tentacled starspawn (Abyss:4)
  7 storm dragons
  Kirke (Swamp:1)
  A shadow dragon (Vaults:5)
  3 tengu reavers
  Roxanne (Swamp:1)
  Donald (Spider:1)
  A thorn hunter (Swamp:4)
  8 fire giants
  A draconian knight (Depths:5)
  3 iron dragons
  7 deep elf sorcerers
  Aizul (Vaults:2)
  9 vault wardens
  6 frost giants
  An orc warlord (Vaults:2)
  3 emperor scorpions
  11 very ugly things
  A draconian annihilator (Zot:1)
  3 deep elf elementalists
  3 war gargoyles (Vaults:5)
  2 spriggan defenders
  11 ironheart preservers
  3 entropy weavers
  8 stone giants
  A green draconian (Depths:5)
  A vampire knight (Depths:4)
  10 spark wasps
  3 deep elf demonologists
  8 deep elf annihilators
  10 ettins
  7 deep elf death magi
  9 fire dragons
  2 merfolk impalers
  Harold (Lair:4)
  20 vault guards
  10 yaktaur captains
  6 deep elf high priests
  5 great orbs of eyes
  2 large abominations
  A rakshasa (Depths:3)
  21 hydras
  5 ice dragons
  A ghost crab (Swamp:2)
  8 centaur warriors
  2 death knights
  3 alligators
  21 two-headed ogres
  7 spriggan air magi
  3 deep troll shamans
  A queen ant (Spider:1)
  19 ogre magi
  8 dancing weapons
  6 deep troll earth magi
  9 tengu warriors
  2 orc high priests (Orc:2)
  2 spriggan berserkers
  A thrashing horror (Abyss:4)
  7 hell knights (Depths:4)
  10 spriggans
  A small abomination (Elf:3)
  7 deep elf knights
  A wretched star (Abyss:4)
  A shadow wraith (Vaults:4)
  An iron troll (Depths:2)
  2 skeletal warriors
  A sun demon (Depths:3)
  4 glowing orange brains
  11 deep elf archers
  A deep troll (shapeshifter) (Depths:2)
  A torturous demonspawn (Orc:2)
  4 flayed ghosts
  8 swamp dragons
  11 deep trolls
  A wizard (Vaults:1)
  A lindwurm (Lair:6)
  A shambling mangrove (Swamp:4)
  A phantasmal warrior (Vaults:5)
  3 ironbrand convokers
  6 orc knights
  2 necromancers
  4 harpies
  4 orc sorcerers
  29 ugly things
  19 wolf spiders
  A cyclops (Vaults:2)
  A moth of wrath (shapeshifter) (Depths:2)
  13 orb spiders
  A salamander (Depths:2)
  28 deep elf magi
  A manticore (D:14)
  2 moths of wrath
  A manticore (shapeshifter) (Depths:4)
  A frost giant skeleton (Vaults:2)
  A black mamba (Lair:6)
  A torpor snail (Spider:2)
  6 vault sentinels
  An orange demon (Abyss:4)
  Psyche (D:9)
  A smoke demon (Abyss:4)
  A storm dragon simulacrum (Vaults:2)
  A fire giant skeleton (Depths:1)
  Maurice (D:9)
  5 spiny frogs
  2 centaur skeletons (D:13)
  A rime drake (Lair:6)
  An efreet (D:10)
  A hellion (Depths:3)
  2 freezing wraiths
  49 yaktaurs
  A tengu conjurer (Depths:2)
  A queen bee (Abyss:4)
  A yaktaur skeleton (Vaults:1)
  13 demonic crawlers
  A red devil (Orc:2)
  2 trolls
  A troll (shapeshifter) (Vaults:2)
  3 meliai (Spider:4)
  23 jumping spiders
  A polar bear (Lair:4)
  13 blink frogs
  11 tyrant leeches
  5 bog bodies
  A raiju (shapeshifter) (Depths:3)
  12 hornets
  4 hippogriffs
  15 slime creatures
  2 human simulacra
  A flying skull (Depths:2)
  37 redbacks
  A shadow (Swamp:4)
  7 water elementals
  17 tarantellas
  An ice dragon skeleton (Depths:1)
  2 wyverns
  4 fire bats (Depths:2)
  11 yaks
  A fire elemental (Depths:2)
  A hungry ghost (D:11)
  A chaos spawn (Orc:2)
  7 vampire mosquitoes
  A yaktaur simulacrum (Vaults:3)
  A hog (Swamp:1)
  5 insubstantial wisps
  3 wargs
  12 soldier ants (Spider:1)
  A floating eye (shapeshifter) (Vaults:5)
  A water moccasin (shapeshifter) (Depths:5)
  12 swamp worms
  2 floating eyes
  3 water moccasins
  A porcupine (Lair:4)
  7 swamp drakes
  An ice beast (D:13)
  An orc zombie (Vaults:2)
  11 orc warriors
  A sky beast (D:14)
  A wolf (Lair:6)
  A hornet zombie (D:9)
  5 boggarts
  A phantom (D:14)
  2 centaurs
  A wolf (shapeshifter) (Depths:1)
  19 ogres
  4 crocodiles
  2 big kobolds
  3 bullfrogs
  2 human zombies (Vaults:1)
  A wyvern zombie (D:9)
  A human skeleton (Vaults:1)
  3 earth elementals
  A killer bee (Abyss:4)
  2 wights (D:9)
  2 electric eels
  A crimson imp (D:9)
  A hound (D:14)
  13 orc priests
  3 starcursed masses (Abyss:4)
  A jelly (D:13)
  2 orc wizards
  An iguana (D:12)
  13 worker ants (Spider:1)
  15 orcs
  A quokka (D:9)
  4 briar patches
  20 fungi
  30 plants
  A starspawn tentacle (Abyss:4)
1030 creatures vanquished.

Vanquished Creatures (others)
  6 profane servitors
  4 bone dragons
  12 ghouls
  7 vampire knights
  A deep elf demonologist (Elf:3)
  A stone giant (Depths:5)
  A fire dragon (Depths:5)
  An ettin (Vaults:5)
  3 yaktaur captains
  A vault guard (Vaults:5)
  A hydra (Swamp:4)
  A guardian serpent zombie (Vaults:2)
  3 titan zombies
  A deep elf knight (Elf:2)
  A storm dragon zombie (Vaults:5)
  A very ugly thing zombie (Depths:5)
  9 skeletal warriors
  3 spark wasp zombies
  A deep troll (Depths:5)
  2 ghost moth zombies
  A golden dragon zombie (Depths:5)
  A sphinx zombie (Vaults:5)
  11 flayed ghosts
  A shadow dragon zombie (Vaults:5)
  A wolf spider zombie (Vaults:3)
  11 phantasmal warriors
  A fire giant zombie (Depths:5)
  2 frost giant zombies (Vaults:5)
  An orb spider (Spider:2)
  An iron dragon skeleton (Vaults:5)
  A sphinx skeleton (Vaults:5)
  A stone giant skeleton (Vaults:5)
  3 stone giant zombies
  17 elf zombies
  A red draconian zombie (Depths:5)
  A white draconian zombie (Depths:5)
  2 yaktaurs
  3 redback zombies (Spider:4)
  2 ghoul skeletons
  A hydra zombie (Lair:6)
  16 human zombies
  A merfolk zombie (Depths:5)
  2 tarantella zombies (Spider:4)
  2 ugly thing zombies
  An ice dragon zombie (Depths:3)
  3 ettin zombies (Vaults:5)
  3 meliai zombies
  An alligator zombie (Swamp:4)
  4 fire dragon zombies
  A spriggan skeleton (Depths:2)
  17 flying skulls
  A black mamba zombie (Lair:6)
  4 wraiths
  3 water elementals (Depths:1)
  12 vampires
  2 redbacks
  A water moccasin (Lair:3)
  7 two-headed ogre zombies
  A spiny frog zombie (Lair:1)
  3 deep troll skeletons
  A slave (D:6)
  2 swamp dragon zombies
  4 blink frog zombies
  A manticore zombie (D:13)
  3 hornet zombies
  2 ogres
  2 elf skeletons
  A rime drake zombie (Lair:6)
  A torpor snail zombie (Lair:6)
  A hippogriff zombie (D:13)
  11 yaktaur zombies
  A hell hound zombie (Abyss:4)
  6 yaktaur skeletons
  2 wyvern zombies
  3 water moccasin zombies
  2 spriggan zombies
  3 yak zombies
  A raiju zombie (Abyss:4)
  A yak skeleton (D:14)
  A wight (D:13)
  5 wolf zombies
  5 centaur zombies
  2 bullfrog zombies (D:13)
  A black bear zombie (D:12)
  An orc wizard (Vaults:4)
  2 porcupine zombies
  2 killer bee zombies (Abyss:4)
  9 ogre zombies
  A sky beast zombie (D:14)
  A big kobold zombie (D:13)
  A crocodile zombie (Lair:3)
  A hound zombie (D:14)
  A mummy (Lair:3)
  A scorpion zombie (D:14)
  A swamp drake zombie (Swamp:4)
  2 electric eel zombies (D:13)
  10 orc zombies
  An iguana skeleton (D:12)
  5 orcs
  A kobold zombie (D:11)
  4 briar patches (Swamp:4)
  3 fungi (Lair:5)
  7 starspawn tentacles (Abyss:4)
  A withered plant (D:4)
325 creatures vanquished.

Grand Total: 2679 creatures vanquished

Notes
Turn   | Place    | Note
-------+----------+-------------------------------------------
     0 | D:1      | gouglew the Hill Orc Fighter began the quest for the Orb.
     0 | D:1      | Reached XP level 1. HP: 19/19 MP: 1/1
    66 | D:1      | Reached skill level 3 in Axes
   198 | D:1      | Reached XP level 2. HP: 17/26 MP: 2/2
   231 | D:1      | Reached skill level 4 in Axes
   733 | D:1      | Reached XP level 3. HP: 31/31 MP: 3/3
  1042 | D:2      | Noticed Jessica
  1049 | D:2      | Killed Jessica
  1049 | D:2      | Reached skill level 5 in Axes
  1049 | D:2      | Reached XP level 4. HP: 39/39 MP: 4/4
  1872 | D:3      | Reached skill level 6 in Axes
  2325 | D:3      | Reached XP level 5. HP: 32/45 MP: 5/5
  2834 | D:3      | Reached skill level 7 in Axes
  2839 | D:3      | Found a faded altar of an unknown god.
  3306 | D:4      | Reached skill level 8 in Axes
  3306 | D:4      | Reached XP level 6. HP: 51/51 MP: 6/6
  3336 | D:4      | Noticed Sigmund
  3352 | D:4      | Killed Sigmund
  3352 | D:4      | Reached skill level 9 in Axes
  3446 | D:4      | Reached XP level 7. HP: 54/57 MP: 7/7
  3507 | D:4      | Reached skill level 10 in Axes
  3934 | D:4      | Found a runed door.
  3934 | D:4      | Noticed levstk's ghost (amateur DrTm)
  3950 | D:5      | Entered Level 5 of the Dungeon
  3952 | D:5      | Noticed Blork the orc
  4015 | D:5      | Noticed Eustachio
  4792 | D:5      | Killed Eustachio
  4792 | D:5      | Reached skill level 11 in Axes
  4792 | D:5      | Reached XP level 8. HP: 67/67 MP: 8/8
  4890 | D:5      | Found Notid's Antique Weapon Shop.
  5197 | D:6      | Noticed Menkaure
  5201 | D:6      | Killed Menkaure
  5201 | D:6      | Reached skill level 5 in Fighting
  5220 | D:6      | Noticed Pikel
  5234 | D:6      | Killed Pikel
  5234 | D:6      | Reached skill level 5 in Armour
  5234 | D:6      | Reached skill level 5 in Shields
  5234 | D:6      | Reached XP level 9. HP: 72/75 MP: 9/9
  5589 | D:6      | Found an iron altar of Okawaru.
  5593 | D:6      | Reached skill level 12 in Axes
  6091 | D:7      | Found a staircase to the Ecumenical Temple.
  6108 | Temple   | Entered the Ecumenical Temple
  6144 | Temple   | Became a worshipper of Yredelemnul the Dark
  6160 | Temple   | Reached skill level 1 in Invocations
  6280 | D:7      | You fall through a shaft!
  6297 | D:8      | Reached XP level 10. HP: 81/86 MP: 10/12
  6683 | D:8      | Noticed a two-headed ogre
  6692 | D:8      | Killed a two-headed ogre
  6692 | D:8      | Reached * piety under Yredelemnul
  6692 | D:8      | Reached skill level 5 in Invocations
  6769 | D:8      | Noticed a two-headed ogre
  6780 | D:8      | Killed a two-headed ogre
  6824 | D:8      | Reached skill level 13 in Axes
  7535 | D:9      | Noticed Erica
  7551 | D:9      | Killed Erica
  7583 | D:9      | Reached XP level 11. HP: 72/95 MP: 16/16
  7631 | D:9      | Noticed Maurice
  7642 | D:9      | Killed Maurice
  7671 | D:9      | Noticed Psyche
  7678 | D:9      | Killed Psyche
  7727 | D:9      | Found a staircase to the Lair.
  7747 | Lair:1   | Entered Level 1 of the Lair of Beasts
  7920 | D:9      | Reached ** piety under Yredelemnul
  8353 | D:10     | Entered Level 10 of the Dungeon
  8444 | D:10     | Noticed a centaur warrior
  8452 | D:10     | Killed a centaur warrior
  8629 | D:10     | Found a staircase to the Orcish Mines.
  9144 | D:11     | Killed an unseen horror
  9387 | D:11     | Found a shattered altar of Ashenzari.
  9388 | D:11     | Noticed an oklob plant
  9481 | D:11     | Noticed a brown ugly thing
  9494 | D:11     | Killed a brown ugly thing
  9501 | D:11     | Reached skill level 10 in Invocations
  9575 | D:11     | Noticed a sixfirhy
  9591 | D:11     | Noticed a two-headed ogre
  9600 | D:11     | Killed a two-headed ogre
  9600 | D:11     | Reached skill level 10 in Fighting
  9600 | D:11     | Reached skill level 14 in Axes
  9600 | D:11     | Reached XP level 12. HP: 76/106 MP: 19/19
  9824 | D:11     | Reached *** piety under Yredelemnul
  9972 | D:12     | Noticed Sonja
 10019 | D:12     | Gained mutation: You tend to lose your temper in combat. [potion of mutation]
 10019 | D:12     | Gained mutation: You are partially covered in rugged brown scales. (AC +1, +3% HP) [potion of mutation]
 10019 | D:12     | Gained mutation: You have sharp toenails. [potion of mutation]
 10064 | D:12     | Found a stormy altar of Qazlal.
 10066 | D:12     | Found a sparkling altar of Nemelex Xobeh.
 10066 | D:12     | Found a burning altar of Makhleb.
 10068 | D:12     | Found a stormy altar of Qazlal.
 10068 | D:12     | Found a deep blue altar of Sif Muna.
 10068 | D:12     | Found a shimmering altar of Xom.
 10414 | D:12     | Noticed a seven-headed hydra
 10449 | D:12     | Killed Sonja
 10792 | D:12     | Noticed Frances
 10794 | D:12     | Noticed a sun demon
 11268 | D:13     | Noticed a two-headed ogre
 11284 | D:13     | Killed a two-headed ogre
 11292 | D:13     | Received a gift from Yredelemnul (a wight)
 11327 | D:13     | Noticed a tengu warrior
 11340 | D:13     | Killed a tengu warrior
 11357 | D:13     | Found a shadowy altar of Dithmenos.
 11935 | D:13     | Reached skill level 1 in Dodging
 12111 | D:14     | Noticed an eight-headed hydra
 12181 | D:14     | Noticed a two-headed ogre
 12193 | D:14     | Killed a two-headed ogre
 12202 | D:14     | Reached **** piety under Yredelemnul
 12275 | D:14     | Received a gift from Yredelemnul (4 flying skulls)
 12279 | D:14     | Noticed a two-headed ogre
 12284 | D:14     | Killed a two-headed ogre
 12286 | D:14     | Reached skill level 10 in Armour
 12286 | D:14     | Reached skill level 10 in Shields
 12290 | D:14     | Noticed a vault guard
 12290 | D:14     | Noticed a vault guard
 12290 | D:14     | Noticed a vault guard
 12290 | D:14     | Noticed a vault guard
 12291 | D:14     | Found a gate to the Vaults.
 12291 | D:14     | Noticed a vault guard
 12291 | D:14     | Noticed a vault guard
 12292 | D:14     | Noticed a vault guard
 12292 | D:14     | Noticed a vault guard
 12303 | D:14     | Killed a vault guard
 12308 | D:14     | Killed a vault guard
 12308 | D:14     | Reached XP level 13. HP: 83/119 MP: 12/22
 12323 | D:14     | Killed a vault guard
 12349 | D:14     | Killed a vault guard
 12357 | D:14     | Killed a vault guard
 12367 | D:14     | Killed a vault guard
 12374 | D:14     | Killed a vault guard
 12374 | D:14     | Reached skill level 15 in Axes
 12384 | D:14     | Killed a vault guard
 13161 | D:14     | Found Yfibrokky's Food Emporium.
 13362 | D:14     | Identified a scroll of acquirement
 13363 | D:14     | Got a warped amber ring
 13365 | D:14     | Identified the ring "Xutouq" {Ice +Fly rPois MR+ Slay-4} (You acquired it on level 14 of the Dungeon)
 13411 | D:14     | Lost mutation: You have sharp toenails. [potion of mutation]
 13411 | D:14     | Lost mutation: You are partially covered in rugged brown scales. (AC +1, +3% HP) [potion of mutation]
 13411 | D:14     | Lost mutation: You tend to lose your temper in combat. [potion of mutation]
 13411 | D:14     | Gained mutation: Your flesh is heat resistant. (rF+) [potion of mutation]
 13411 | D:14     | Gained mutation: Your mind is acute. (Int +2) [potion of mutation]
 13411 | D:14     | Gained mutation: Your body sometimes deteriorates upon taking damage. [potion of mutation]
 13411 | D:14     | Gained mutation: You evolve. [potion of mutation]
 13549 | D:14     | Gained mutation: You have a pair of small horns on your head. [evolution]
 13641 | D:14     | Reached skill level 1 in Evocations
 13691 | D:15     | Entered Level 15 of the Dungeon
 13727 | D:15     | Reached ***** piety under Yredelemnul
 13743 | D:15     | Found a shimmering altar of Xom.
 13894 | D:15     | Found Coruqefa's Book Shop.
 14037 | D:15     | Found a staircase to the Depths.
 14069 | D:15     | Received a gift from Yredelemnul (a wraith)
 14354 | D:15     | Got a bloodstained ring mail
 14355 | D:15     | Identified the +5 ring mail "Efyjyst" {rPois Str+3 SInv Stlth-} (You found it on level 15 of the Dungeon)
 15082 | Lair:1   | Reached XP level 14. HP: 126/126 MP: 20/23
 15099 | Lair:1   | Received a gift from Yredelemnul (a mummy)
 16102 | Lair:2   | Found a blossoming altar of Fedhas.
 17059 | Lair:3   | Found a hole to the Spider Nest.
 17365 | Lair:3   | Found a staircase to the Swamp.
 17565 | Lair:4   | Reached skill level 5 in Dodging
 17573 | Lair:4   | Received a gift from Yredelemnul (4 flying skulls)
 17772 | Lair:4   | Noticed Harold
 17784 | Lair:4   | Killed Harold
 17829 | Lair:4   | Received a gift from Yredelemnul (a wraith)
 18243 | Lair:5   | Reached skill level 16 in Axes
 18613 | Lair:5   | Received a gift from Yredelemnul (a vampire)
 19079 | Lair:6   | Entered Level 6 of the Lair of Beasts
 19103 | Lair:6   | Found a runed door.
 19104 | Lair:6   | Found a viscous altar of Jiyva.
 19107 | Lair:6   | Received a gift from Yredelemnul (a wraith)
 19110 | Lair:6   | Found a staircase to the Slime Pits.
 19413 | Lair:6   | Reached ****** piety under Yredelemnul
 19784 | Lair:6   | Found a runed door.
 19909 | Lair:6   | Received a gift from Yredelemnul (5 flying skulls)
 19922 | Lair:6   | Reached skill level 5 in Evocations
 20415 | Orc:1    | Entered Level 1 of the Orcish Mines
 20569 | Orc:1    | Received a gift from Yredelemnul (a wraith)
 20578 | Orc:1    | Reached XP level 15. HP: 127/135 MP: 21/25
 20783 | Orc:1    | Found a burning altar of Makhleb.
 20789 | Orc:1    | Noticed an orc warlord
 20809 | Orc:1    | Received a gift from Yredelemnul (a vampire)
 20819 | Orc:1    | Killed an orc warlord
 20907 | Orc:2    | Entered Level 2 of the Orcish Mines
 20924 | Orc:2    | Gained mutation: You are partially covered in molten scales. (AC +2) [evolution]
 21065 | Orc:2    | Found a staircase to the Elven Halls.
 21100 | Orc:2    | Received a gift from Yredelemnul (4 flying skulls)
 21241 | Orc:2    | Received a gift from Yredelemnul (a skeletal warrior)
 21254 | Orc:2    | Found Alyi's Magic Scroll Boutique.
 21257 | Orc:2    | Found Luulah's Food Shop.
 21273 | Orc:2    | Gained mutation: You occasionally shout uncontrollably at your foes. [a neqoxec]
 21275 | Orc:2    | Received a gift from Yredelemnul (a vampire knight)
 21350 | Orc:2    | Received a gift from Yredelemnul (a ghoul)
 21566 | Orc:2    | Found Obruney's Book Shoppe.
 21566 | Orc:2    | Found Vaufimiq's Antique Weapon Emporium.
 21566 | Orc:2    | Found a one-way gate leading to the halls of Pandemonium.
 22368 | Swamp:1  | Entered Level 1 of the Swamp
 22368 | Swamp:1  | Noticed Louise
 22375 | Swamp:1  | Noticed Kirke
 22379 | Swamp:1  | Received a gift from Yredelemnul (a flayed ghost)
 22383 | Swamp:1  | Killed Louise
 22387 | Swamp:1  | Killed Kirke
 22479 | Swamp:1  | Received a gift from Yredelemnul (a vampire)
 22488 | Swamp:1  | Noticed Roxanne
 22641 | Swamp:1  | Received a gift from Yredelemnul (a ghoul)
 23042 | Swamp:1  | Killed Roxanne
 23042 | Swamp:1  | Reached skill level 17 in Axes
 23046 | Swamp:1  | Identified Roxanne's Volume of Shape Shifting (You took it off Roxanne on level 1 of the Swamp)
 23258 | Swamp:2  | Noticed a thorn hunter
 23275 | Swamp:2  | Killed a thorn hunter
 23275 | Swamp:2  | Reached skill level 15 in Invocations
 23406 | Swamp:2  | Received a gift from Yredelemnul (a flayed ghost)
 23602 | Swamp:2  | Received a gift from Yredelemnul (a vampire)
 23971 | Swamp:3  | Received a gift from Yredelemnul (a profane servitor)
 24036 | Swamp:3  | Reached XP level 16. HP: 138/146 MP: 24/27
 24375 | Swamp:3  | Noticed a tentacled monstrosity
 24394 | Swamp:3  | Killed a tentacled monstrosity
 24412 | Swamp:3  | Got a wavering ivory ring
 24414 | Swamp:3  | Identified the ring "Kuec Sel" {rPois rN+++ Str+2 Slay+5} (You acquired it on level 3 of the Swamp)
 24656 | Swamp:4  | Entered Level 4 of the Swamp
 24664 | Swamp:4  | Received a gift from Yredelemnul (a vampire)
 24667 | Swamp:4  | Noticed a tentacled monstrosity
 24673 | Swamp:4  | Killed a tentacled monstrosity
 24683 | Swamp:4  | Received a gift from Yredelemnul (a skeletal warrior)
 24748 | Swamp:4  | Received a gift from Yredelemnul (a ghoul)
 24850 | Swamp:4  | Noticed a thorn hunter
 24864 | Swamp:4  | Killed a thorn hunter
 25359 | Swamp:4  | Received a gift from Yredelemnul (a phantasmal warrior)
 25515 | Swamp:4  | Received a gift from Yredelemnul (a vampire)
 25617 | Swamp:4  | Noticed a thorn hunter
 25629 | Swamp:4  | Killed a thorn hunter
 25638 | Swamp:4  | Got a decaying rune of Zot
 25892 | Swamp:4  | Noticed a thorn hunter
 25897 | Swamp:4  | Killed a thorn hunter
 26112 | Spider:1 | Entered Level 1 of the Spider Nest
 26114 | Spider:1 | Noticed Donald
 26121 | Spider:1 | Received a gift from Yredelemnul (a bone dragon)
 26127 | Spider:1 | Killed Donald
 26209 | Spider:1 | Upgraded the game from 0.22-a0-521-gb1378044ac to 0.22-a0-525-gf69a0803ab
 26321 | Spider:1 | Received a gift from Yredelemnul (a phantasmal warrior)
 26656 | Spider:2 | Received a gift from Yredelemnul (a ghoul)
 26738 | Spider:2 | Noticed Nikola
 26745 | Spider:2 | Gained mutation: You have a pair of horns on your head. [evolution]
 26749 | Spider:2 | Killed Nikola
 26749 | Spider:2 | Reached skill level 18 in Axes
 26766 | Spider:2 | Got an encrusted ring mail
 26767 | Spider:2 | Identified the cursed +0 ring mail of Qazlal's Delight {rC- Int+3 SInv} (You found it on level 2 of the Spider Nest)
 26829 | Spider:2 | Noticed Arachne
 26841 | Spider:2 | Reached XP level 17. HP: 154/154 MP: 26/29
 26848 | Spider:2 | Killed Arachne
 26889 | Spider:2 | Reached skill level 15 in Fighting
 26959 | Spider:2 | Received a gift from Yredelemnul (a flayed ghost)
 27143 | Spider:2 | You fall through a shaft!
 27767 | Spider:3 | Received a gift from Yredelemnul (a bone dragon)
 27802 | Spider:3 | Received a gift from Yredelemnul (a ghoul)
 28318 | Spider:4 | Entered Level 4 of the Spider Nest
 28616 | Spider:4 | Received a gift from Yredelemnul (a flayed ghost)
 28715 | Spider:4 | Received a gift from Yredelemnul (a flayed ghost)
 28737 | Spider:4 | Received a gift from Yredelemnul (a profane servitor)
 28831 | Spider:4 | Noticed Asterion
 28837 | Spider:4 | Killed Asterion
 28839 | Spider:4 | Received a gift from Yredelemnul (a vampire)
 28899 | Spider:4 | Got a gossamer rune of Zot
 28905 | Spider:4 | Gained mutation: You tend to lose your temper in combat. [evolution]
 28905 | Spider:4 | Lost mutation: You evolve. [end of evolution]
 28918 | Spider:4 | Received a gift from Yredelemnul (a phantasmal warrior)
 29503 | Vaults:1 | Entered Level 1 of the Vaults
 29626 | Vaults:1 | Received a gift from Yredelemnul (a skeletal warrior)
 29640 | Vaults:1 | Reached XP level 18. HP: 166/166 MP: 30/30
 29696 | Vaults:1 | Cast into level 3 of the Abyss (a deep elf sorcerer)
 29702 | Abyss:3  | Found a corrupted altar of Lugonu.
 29754 | Abyss:3  | Reached skill level 19 in Axes
 29789 | Abyss:3  | Received a gift from Yredelemnul (a vampire)
 29874 | Vaults:1 | Escaped the Abyss
 30217 | Vaults:1 | Received a gift from Yredelemnul (a phantasmal warrior)
 30268 | Vaults:1 | Received a gift from Yredelemnul (a ghoul)
 30277 | Vaults:1 | Reached skill level 15 in Armour
 30598 | Vaults:1 | Received a gift from Yredelemnul (a skeletal warrior)
 30987 | Vaults:1 | Reached skill level 10 in Dodging
 31256 | Vaults:2 | Received a gift from Yredelemnul (a skeletal warrior)
 31292 | Vaults:2 | Received a gift from Yredelemnul (a vampire knight)
 31326 | Vaults:2 | Noticed Aizul
 31333 | Vaults:2 | Cast into level 3 of the Abyss (a deep elf sorcerer)
 31379 | Abyss:3  | Received a gift from Yredelemnul (a vampire)
 31557 | Abyss:4  | Reached XP level 19. HP: 174/174 MP: 0/32
 31570 | Abyss:4  | Received a gift from Yredelemnul (a phantasmal warrior)
 31588 | Abyss:4  | Paralysed by accursed screaming for 1 turns
 31599 | Abyss:4  | Received a gift from Yredelemnul (a phantasmal warrior)
 31604 | Abyss:4  | Noticed a bone dragon
 31658 | Vaults:2 | Escaped the Abyss
 31662 | Vaults:2 | Killed Aizul
 31834 | Vaults:2 | Your ally Aizul died
 32022 | Vaults:2 | Received a gift from Yredelemnul (a ghoul)
 32299 | Vaults:2 | Reached skill level 20 in Axes
 32407 | Vaults:2 | Received a gift from Yredelemnul (a ghoul)
 32426 | Vaults:2 | Received a gift from Yredelemnul (a phantasmal warrior)
 32453 | Vaults:2 | Noticed Frederick
 32464 | Vaults:2 | Killed Frederick
 32474 | Vaults:2 | Received a gift from Yredelemnul (a flayed ghost)
 33178 | Vaults:3 | Received a gift from Yredelemnul (a flayed ghost)
 33237 | Vaults:3 | Paralysed by an ogre mage for 6 turns
 33314 | Vaults:3 | Received a gift from Yredelemnul (a vampire)
 33392 | Vaults:3 | Reached XP level 20. HP: 184/184 MP: 31/33
 33498 | Vaults:3 | Paralysed by a hornet for 3 turns
 33581 | Vaults:3 | Lost mutation: Your body sometimes deteriorates upon taking damage. [potion of mutation]
 33581 | Vaults:3 | Lost mutation: Your flesh is heat resistant. (rF+) [potion of mutation]
 33581 | Vaults:3 | Lost mutation: Your mind is acute. (Int +2) [potion of mutation]
 33581 | Vaults:3 | Gained mutation: You are partially covered in icy blue scales. (AC +2) [potion of mutation]
 33581 | Vaults:3 | Gained mutation: You are clumsy. (Dex -2) [potion of mutation]
 33581 | Vaults:3 | Gained mutation: You have supernaturally acute eyesight. (SInv) [potion of mutation]
 33582 | Vaults:3 | Lost mutation: You are partially covered in molten scales. (AC +2) [potion of mutation]
 33582 | Vaults:3 | Lost mutation: You have a pair of horns on your head. [potion of mutation]
 33582 | Vaults:3 | Lost mutation: You are clumsy. (Dex -2) [potion of mutation]
 33582 | Vaults:3 | Gained mutation: You are resistant to hostile enchantments. (MR+) [potion of mutation]
 33583 | Vaults:3 | Lost mutation: You have a pair of small horns on your head. [potion of mutation]
 33583 | Vaults:3 | Lost mutation: You are resistant to hostile enchantments. (MR+) [potion of mutation]
 33583 | Vaults:3 | Lost mutation: You occasionally shout uncontrollably at your foes. [potion of mutation]
 33583 | Vaults:3 | Gained mutation: Your spells are a little harder to cast, but a little more powerful. [potion of mutation]
 33583 | Vaults:3 | Gained mutation: You passively map a small area around you. [potion of mutation]
 33584 | Vaults:3 | Lost mutation: Your spells are a little harder to cast, but a little more powerful. [potion of mutation]
 33584 | Vaults:3 | Gained mutation: Your system is resistant to poisons. (rPois) [potion of mutation]
 33791 | Vaults:3 | Received a gift from Yredelemnul (a ghoul)
 33886 | Vaults:3 | Found a staircase to the Crypt.
 34281 | Vaults:4 | Noticed Bai Suzhen
 34317 | Vaults:4 | Killed Bai Suzhen
 34325 | Vaults:4 | Received a gift from Yredelemnul (a vampire)
 34672 | Vaults:4 | Found Motsead's Book Emporium.
 35359 | Vaults:4 | Paralysed by an ogre mage for 7 turns
 35369 | Vaults:4 | Received a gift from Yredelemnul (a ghoul)
 35546 | Vaults:5 | Entered Level 5 of the Vaults
 35596 | Vaults:5 | Noticed a golden dragon
 35603 | Vaults:5 | Reached XP level 21. HP: 148/194 MP: 23/34
 35610 | Vaults:5 | Received a gift from Yredelemnul (a skeletal warrior)
 35687 | Vaults:5 | Found the +10 dark maul {crush}
 35734 | Vaults:5 | Killed a golden dragon
 35734 | Vaults:5 | Received a gift from Yredelemnul (a profane servitor)
 35790 | Vaults:5 | Reached skill level 10 in Evocations
 35823 | Vaults:5 | Received a gift from Yredelemnul (a flayed ghost)
 35841 | Vaults:5 | Received a gift from Yredelemnul (a phantasmal warrior)
 35893 | Vaults:5 | Received a gift from Yredelemnul (a vampire)
 36468 | Depths:1 | Entered Level 1 of the Depths
 36472 | Depths:1 | Noticed the Enchantress
 36483 | Depths:1 | Reached skill level 21 in Axes
 36507 | Depths:1 | Received a gift from Yredelemnul (a profane servitor)
 36522 | Depths:1 | HP: 5/195 [cyan ugly thing (15)]
 36524 | Depths:1 | Killed the Enchantress
 36987 | Depths:1 | Received a gift from Yredelemnul (a vampire knight)
 37057 | Depths:1 | Paralysed by a great orb of eyes for 4 turns
 37207 | Depths:1 | Received a gift from Yredelemnul (a bone dragon)
 37234 | Depths:1 | Received a gift from Yredelemnul (a profane servitor)
 37444 | Depths:1 | Found a gateway to Hell.
 37457 | Depths:1 | Reached XP level 22. HP: 199/205 MP: 33/36
 37943 | Depths:2 | Received a gift from Yredelemnul (a phantasmal warrior)
 37963 | Depths:2 | Found a bloodstained altar of Trog.
 38134 | Depths:2 | Paralysed by a great orb of eyes for 6 turns
 38500 | Depths:2 | Received a gift from Yredelemnul (a flayed ghost)
 38520 | Depths:2 | Paralysed by a floating eye for 2 turns
 38526 | Depths:2 | Paralysed by a floating eye for 3 turns
 38612 | Depths:2 | Received a gift from Yredelemnul (a vampire knight)
 38720 | Depths:2 | Received a gift from Yredelemnul (a flayed ghost)
 38729 | Depths:2 | Got a smoking ring mail
 38735 | Depths:2 | Identified the +5 ring mail "Duthiake" {rCorr Str-5 Dex-5 Stlth+} (You found it on level 2 of the Depths)
 38806 | Depths:2 | Noticed a golden dragon
 38812 | Depths:2 | Killed a golden dragon
 38890 | Depths:2 | Received a gift from Yredelemnul (a phantasmal warrior)
 38917 | Depths:2 | Cast into level 4 of the Abyss (a lich)
 38929 | Abyss:4  | Got an ancient iron amulet
 38942 | Abyss:4  | Reached skill level 22 in Axes
 38988 | Abyss:4  | Identified the amulet of Raisk {Gourm rElec Str-5 Int+7} (You found it on level 4 of the Abyss)
 39107 | Abyss:4  | Paralysed by accursed screaming for 1 turns
 39108 | Abyss:4  | Received a gift from Yredelemnul (a phantasmal warrior)
 39195 | Depths:2 | Escaped the Abyss
 39199 | Depths:2 | Reached skill level 15 in Shields
 39266 | Depths:2 | Received a gift from Yredelemnul (a vampire knight)
 39274 | Depths:2 | Got a polished broad axe {venom}
 39275 | Depths:2 | Identified the +4 broad axe of Division {venom, rPois Dex+2} (You took it off an ogre mage on level 2 of the Depths)
 39395 | Depths:2 | Found a one-way gate to the infinite horrors of the Abyss.
 39737 | Depths:3 | Noticed a juggernaut
 39739 | Depths:3 | Received a gift from Yredelemnul (a vampire knight)
 39752 | Depths:3 | Received a gift from Yredelemnul (a ghoul)
 39752 | Depths:3 | Killed a juggernaut
 39826 | Depths:2 | Received a gift from Yredelemnul (a skeletal warrior)
 40001 | Depths:3 | Reached XP level 23. HP: 138/215 MP: 24/37
 40050 | Depths:3 | Received a gift from Yredelemnul (a vampire)
 40300 | Depths:3 | Noticed a golden dragon
 40310 | Depths:3 | Killed a golden dragon
 40702 | Depths:4 | Found a deep blue altar of Sif Muna.
 40702 | Depths:4 | Found a glowing silver altar of Zin.
 40703 | Depths:4 | Noticed a caustic shrike
 40720 | Depths:4 | Killed a caustic shrike
 40727 | Depths:4 | Reached skill level 23 in Axes
 40731 | Depths:4 | Received a gift from Yredelemnul (a ghoul)
 40739 | Depths:4 | Found a snail-covered altar of Cheibriados.
 40746 | Depths:4 | Found a deep blue altar of Sif Muna.
 40851 | Depths:4 | Found a portal to a secret trove of treasure.
 41432 | Trove    | Entered a treasure trove
 41457 | Trove    | Found the +3 sling "Punk" {acid, rCorr}
 41464 | Trove    | Got a jewelled battleaxe
 41504 | Trove    | Got a steaming executioner's axe
 41564 | Depths:4 | Identified the +5 battleaxe of Proximity {drain, rC+++ Dex+7 Stlth-} (You found it in a treasure trove)
 41572 | Depths:4 | Identified the +2 executioner's axe of Bodily Harmony {chaos, +Fly rF+} (You found it in a treasure trove)
 42697 | Elf:1    | Entered Level 1 of the Elven Halls
 42990 | Elf:1    | Noticed Egguit's ghost (veteran HOFi)
 42995 | Elf:1    | Found a transporter.
 42998 | Elf:1    | Found a transporter.
 44211 | Elf:2    | Found a runed gate.
 44211 | Elf:2    | Found a runed gate.
 44227 | Elf:2    | Found a runed gate.
 44312 | Elf:2    | Reached XP level 24. HP: 228/228 MP: 36/37
 44749 | Elf:2    | Received a gift from Yredelemnul (a skeletal warrior)
 44912 | Elf:1    | Received a gift from Yredelemnul (a vampire knight)
 44914 | Elf:1    | Killed Egguit's ghost
 45141 | Elf:3    | Entered Level 3 of the Elven Halls
 45207 | Elf:3    | Found Paneeth's Jewellery Boutique.
 45297 | Elf:3    | Found Unef Mekk's Antique Armour Shoppe.
 45331 | Elf:3    | Bought a runed helmet for 165 gold pieces
 45440 | Elf:3    | Bought the amulet of Vitality {Regen+ HP+15} for 1106 gold pieces
 45440 | Elf:3    | Found the amulet of Vitality {Regen+ HP+15}
 45440 | Elf:3    | Bought the ring "Rocuekhli" {+Fly rC++ Int+3 Dex+2} for 651 gold pieces
 45727 | Elf:3    | Received a gift from Yredelemnul (a skeletal warrior)
 46022 | Elf:3    | Got a faintly glowing plate armour
 46023 | Elf:3    | Identified the cursed +1 plate armour of Giloasch {rElec Regen+ Str-2 Stlth-} (You took it off a deep elf master archer on level 3 of the Elven Halls)
 46080 | Elf:3    | Got a thick robe
 46146 | Elf:3    | Identified the Disquisition on Shape Shifting and Augmentations
 46149 | Elf:3    | Identified the Disquisition on Toxic Snow
 46151 | Elf:3    | Identified the Disquisition on Igneous Evil
 46176 | Elf:3    | Got a vibrating pewter amulet
 46188 | Elf:3    | Got a brightly glowing brass ring
 46198 | Elf:3    | Identified the amulet of Binoaty {Reflect rN+ Slay+3 SH+4} (You found it on level 3 of the Elven Halls)
 46200 | Elf:3    | Identified the ring of Adunaiq {Wiz rPois rF+ rN+ Dex+2} (You found it on level 3 of the Elven Halls)
 46207 | Elf:3    | Identified the +2 robe of Peek-a-Boo {*Slow MR+ Str+2 Dex+2} (You took it off a deep elf annihilator on level 3 of the Elven Halls)
 46832 | Vaults:5 | Identified the Almanac of the Mountains and the Snowflakes
 46988 | Vaults:5 | Got a silver rune of Zot
 47050 | Vaults:5 | Got a brightly glowing copper ring
 47054 | Vaults:5 | Identified the ring of Izasiom {rPois rC- Int+5 Dex+2} (You took it off a vault sentinel on level 5 of the Vaults)
 47080 | Vaults:5 | Got an ancient glass ring
 47205 | Vaults:5 | Received a gift from Yredelemnul (a profane servitor)
 47264 | Vaults:5 | Identified the ring of Hesukhli {Dex+4 SInv} (You took it off a deep elf knight on level 5 of the Vaults)
 47548 | Vaults:5 | Reached skill level 24 in Axes
 47676 | Vaults:5 | Lost mutation: You tend to lose your temper in combat. [potion of mutation]
 47676 | Vaults:5 | Lost mutation: You are partially covered in icy blue scales. (AC +2) [potion of mutation]
 47676 | Vaults:5 | Lost mutation: Your system is resistant to poisons. (rPois) [potion of mutation]
 47676 | Vaults:5 | Gained mutation: You tend to lose your temper in combat. [potion of mutation]
 47676 | Vaults:5 | Gained mutation: Your flesh is cold resistant. (rC+) [potion of mutation]
 47676 | Vaults:5 | Gained mutation: You are surrounded by a mild repulsion field. (EV +2) [potion of mutation]
 47677 | Vaults:5 | Lost mutation: You are surrounded by a mild repulsion field. (EV +2) [potion of mutation]
 47677 | Vaults:5 | Lost mutation: You passively map a small area around you. [potion of mutation]
 47677 | Vaults:5 | Lost mutation: You tend to lose your temper in combat. [potion of mutation]
 47677 | Vaults:5 | Gained mutation: You are agile. (Dex +2) [potion of mutation]
 48592 | Depths:3 | Received a gift from Yredelemnul (a flayed ghost)
 48725 | Depths:1 | Got a twisted helmet
 48769 | Depths:2 | Identified the +5 helmet of Resourcefulness {rC+ rN+ Dex-2} (You found it on level 1 of the Depths)
 48846 | Depths:5 | Entered Level 5 of the Depths
 48847 | Depths:5 | Noticed a juggernaut
 48868 | Depths:4 | Killed a juggernaut
 48982 | Depths:5 | Cast into level 3 of the Abyss (a lich)
 49048 | Abyss:4  | Found a corrupted altar of Lugonu.
 49127 | Abyss:4  | Got an abyssal rune of Zot
 49156 | Depths:5 | Escaped the Abyss
 49224 | Depths:5 | Reached XP level 25. HP: 237/237 MP: 37/37
 49428 | Depths:5 | Found a gate to the Realm of Zot.
 49633 | Depths:5 | Received a gift from Yredelemnul (a phantasmal warrior)
 49775 | Depths:5 | Paralysed by a floating eye for 3 turns
 49797 | Depths:5 | Paralysed by a floating eye for 3 turns
 49878 | Depths:5 | Found a gateway to a ziggurat.
 50317 | Zot:1    | Entered Level 1 of the Realm of Zot
 50431 | Zot:1    | Noticed a Killer Klown
 50454 | Depths:5 | Killed from afar by a fire dragon

Vault maps used:
D:1:      minmay_arrival_split_and_join
D:2:      minmay_misc_feat_secret_circle, uniq_jessica
D:3:      chequers_ecumenical_altar_island
D:4:      gammafunk_ghost_grave, uniq_sigmund
D:5:      first_ration, serial_shops,
          nicolae_shop_temple_entry_statues_fountains, uniq_blork_the_orc,
          uniq_eustachio
D:6:      okawaru_gym_becter, uniq_menkaure, uniq_pikel
D:7:      minmay_temple_entry_statues_fountains, the_bakery
D:9:      lair_entry_dummy, uniq_maurice, uniq_erica, uniq_psyche
D:10:     orc_0_dummy, minmay_misc_feat_nine_boxes, minmay_bent
D:11:     minmay_variable_closet, minmay_misc_feat_hallway,
          palyth_stone_intersect, lemuel_oklob_altar
D:12:     doesnt_xom_only_xom, uniq_sonja, uniq_frances
D:13:     basic_altar
D:14:     erik_vaults_2, serial_shops, kennysheep_little_box,
          hangedman_decor_riveting, hangedman_abyss_or_decor_jellyfish_corner
D:15:     grunt_enter_depths_magical_seal, lemuel_tele_altar, serial_shops,
          nicolae_shop_crystal
Temple:   dpeg_three_leaves_temple
Lair:1:   serial_bayou_shore_a
Lair:2:   tgw_fedhas
Lair:3:   nicolae_swamp_entry_splash_gauntlet,
          nicolae_spider_entry_orb_guardian, infiniplex_staircase_pool_2
Lair:4:   grunt_megastairs_3, uniq_harold
Lair:5:   lemuel_fruit_tree, grunt_megastairs_2
Lair:6:   wormcave, slime_altar_2
Swamp:1:  hangedman_swamp_ruin_wall, swamp_pool2, uniq_kirke, uniq_louise,
          uniq_roxanne
Swamp:2:  evilmike_swamp_ruin_house_3
Swamp:3:  cheibrodos_swamp_monstrosity, evilmike_swamp_ruin_house_2
Swamp:4:  swamp_basic_johnstein, swamp_pool4, evilmike_swamp_ruin_rubble_2
Spider:1: zaba_antful_of_joy, uniq_donald
Spider:2: uniq_arachne, uniq_nikola
Spider:3: spider_trap, spiders_nest_hornet_nest
Spider:4: grunt_spider_rune_parallel, uniq_asterion
Orc:1:    basic_altar
Orc:2:    pf_orc_diabolical
Elf:1:    eino_elf_arrival_the_gate, gammafunk_ghost_arena,
          hangedman_elf_disciples
Elf:3:    grunt_elf_hall_asides, serial_shops, nicolae_shop_statue_plus, shop
Vaults:1: vaults_room_boxed, v_alt_pattern_5, v_misc_14, v_misc_27,
          hangedman_vaults_hat, v_misc_26, ontoclasm_vaults_ring_large,
          nicolae_vaults_yaktaur_gun_rack, nicolae_vaults_diagonal_hallway_6,
          vaults_room_semicircle, ontoclasm_vaults_ligature,
          ontoclasm_vaults_ring_small, vaults_dpeg_diagonal,
          nicolae_vaults_shelves_hall
Vaults:2: nicolae_vaults_back_hallway, vaults_mumra_minichess,
          hangedman_vaults_stagger, v_pattern_1, grunt_vaults_funnel,
          vaults_room_fours, hangedman_vaults_restitches, dpeg_vaults_waves,
          nicolae_vaults_rhombus_7, vaults_mumra_lcd,
          portal_desolation_entry_salt, uniq_aizul, uniq_frederick
Vaults:3: nicolae_vaults_triangles, v_misc_29, hangedman_vaults_river_flow,
          ontoclasm_vaults_misaligned, v_misc_13, hangedman_vaults_snaps,
          nicolae_vaults_network_periphery, nicolae_vaults_mini_display_case
Vaults:4: nicolae_vaults_specimen_jars, v_rooms_1, ontoclasm_vaults_ring_square,
          hangedman_vaults_unwind, nicolae_vaults_arrows,
          nicolae_vaults_rhombus_7, ontoclasm_vaults_fire_temple,
          hangedman_vaults_variations, vaults_room_grid, hangedman_vaults_maws,
          v_misc_32, v_misc_17, ontoclasm_vaults_ring_small, serial_shops,
          nicolae_shop_statue_plus, uniq_bai_suzhen
Depths:1: kennysheep_blocky_room, hangedman_abyss_or_decor_slice,
          grunt_pan_entry_in_and_out, pf_vacation_house_of_asmodeus,
          lemuel_freeze_loot_1, uniq_enchantress
Depths:2: kennysheep_large_vault, hell_entry, basic_altar,
          marbit_kobold_abyss_entry, spider_trap,
          infiniplex_staircase_pillars_3b
Depths:3: cross_vault, hell_entry, rand_demon_pan_entry_7,
          kennysheep_random_hallway
Depths:4: minmay_the_grid_octo_tiled_squarecenter_mashed,
          hangedman_tar_grid_catacomb, enter_trove_0,
          nicolae_abyss_entry_one_way_or_another,
          hangedman_decor_clover_reticule
Depths:5: grunt_zot_entry_tricorne, enter_ziggurat_c,
          hangedman_abyss_or_decor_lesser_grid, abyss_entry,
          grunt_hell_entry_dis_mu, serial_bayou_shore_b, serial_bayou_shore_b
Zot:1:    hangedman_zot_vaults_quadrants, grunt_ministairs_2
Abyss:3:  grunt_abyss_rune_forest_and_sorcery, hangedman_abyss_or_decor_stagger,
          serial_sigils_hangedman_quiver, doesnt_abyss_rune_brain_food
Abyss:4:  evilmike_abyss_rune_tso_outpost, bh_abyss_exit_choice,
          hangedman_relentless_pull, hangedman_elemental_corridor,
          due_evilmike_abyss_rune_seething_liches,
          hangedman_abyss_stitches_cave, hangedman_abyss_sting,
          grunt_abyss_rune_wretched_hive
Trove:    trove_weapons_four_rooms

Skill      XL: |  1  2  3  4  5  6  7  8  9 10 11 12 13 14 15 16 17 18 19 20 21 22 23 24 25 |
---------------+----------------------------------------------------------------------------+-----
Axes           | 3 4 5 6 8 9 11 12 13 14 15 16 17 18 19 20 21 22 23 24 | 24.6
Fighting       | 4 5 7 8 10 11 12 13 14 15 16 17 18 19 20 21 22 | 22.3
Armour         | 4 5 6 7 9 10 11 12 13 14 15 16 17 18 19 20 | 20.7
Shields        | 5 6 7 9 10 11 12 14 15 | 15.0
Invocations    | 3 7 10 12 13 14 15 16 17 18 19 20 21 | 21.8
Dodging        | 2 4 5 7 8 9 10 11 12 | 12.9
Evocations     | 2 5 6 8 9 10 | 10.0

Action                   |  1- 3 |  4- 6 |  7- 9 | 10-12 | 13-15 | 16-18 | 19-21 | 22-24 | 25-27 || total
-------------------------+-------+-------+-------+-------+-------+-------+-------+-------+-------++-------
Melee: War axe           |    70 |   148 |   176 |       |   443 |   773 |   842 |  1076 |   258 ||  3786
       Hand axe          |       |       |   167 |   632 |   772 |       |       |       |       ||  1571
       Kick              |       |       |       |   102 |    71 |       |       |       |       ||   173
       Headbutt          |       |       |       |       |   226 |   222 |    97 |       |       ||   545
       Battleaxe         |       |       |       |       |       |       |       |    12 |       ||    12
Throw: Tomahawk          |       |       |       |       |     1 |       |       |       |       ||     1
Invok: Animate Remains   |       |       |       |    23 |       |       |       |    21 |       ||    44
       Animate Dead      |       |       |       |     8 |    80 |    56 |    52 |    65 |    13 ||   274
       Recall Undead Sla |       |       |       |       |     8 |     9 |    13 |    12 |     3 ||    45
       Drain Life        |       |       |       |       |       |       |     1 |       |     1 ||     2
       Injury Mirror     |       |       |       |       |       |       |     1 |       |       ||     1
 Abil: Evoke Flight      |       |       |       |       |       |       |       |     1 |       ||     1
Evoke: Wand              |       |       |       |     2 |     8 |       |     1 |    10 |       ||    21
       Lightning rod     |       |       |       |       |       |       |       |     1 |       ||     1
  Use: Potion            |       |     1 |       |     9 |     4 |     1 |    15 |     3 |     4 ||    37
       Scroll            |       |       |     5 |     9 |    17 |     9 |    10 |    17 |       ||    67
 Stab: Distracted        |       |       |       |     4 |    17 |    13 |    25 |    34 |    11 ||   104
       Confused          |       |       |       |       |     1 |       |       |       |       ||     1
       Paralysed         |       |       |       |       |     1 |       |       |     2 |       ||     3
  Eat: Chunk             |     1 |     7 |    10 |    23 |    45 |    31 |    23 |    46 |     6 ||   192
       Ration            |       |       |       |     2 |     6 |     3 |     4 |     7 |     1 ||    23
Armor: Scale mail        |    25 |    21 |       |       |       |       |       |       |       ||    46
       Chain mail        |       |    56 |   211 |   292 |   121 |       |       |       |       ||   680
       Ring mail         |       |       |       |       |   229 |   284 |   271 |   103 |       ||   887
       Plate armour      |       |       |       |       |       |       |       |   237 |   116 ||   353
       Skin              |       |       |       |       |       |       |       |       |    35 ||    35
Dodge: Dodged            |    20 |    32 |    89 |   104 |   318 |   394 |   385 |   432 |    93 ||  1867
Block: Shield            |    35 |    89 |   162 |   224 |   670 |   577 |   601 |   714 |   216 ||  3288
       Reflection        |       |       |       |       |       |       |       |    24 |     8 ||    32

Table legend:
 A = Spawn XP
 B = Non-spawn XP
 C = Spawn XP percentage of total XP
 D = Spawn monster count
 E = Non-spawn monster count
 F = Spawn count percentage of total count
 G = Total turns spent on level
                    A         B        C        D         E        F      G
               +---------+---------+-------+---------+---------+-------+---------
         Total |   29293 | 1015536 |   2.8 |      68 |    2236 |   3.0 | 50454
               +---------+---------+-------+---------+---------+-------+---------
           D:1 |       0 |      34 |   0.0 |       0 |      17 |   0.0 |   892
           D:2 |       0 |      65 |   0.0 |       0 |      16 |   0.0 |  1112
           D:3 |       0 |     142 |   0.0 |       0 |      18 |   0.0 |   926
           D:4 |       0 |     552 |   0.0 |       0 |      17 |   0.0 |  1221
           D:5 |       0 |     608 |   0.0 |       0 |      15 |   0.0 |   852
           D:6 |       0 |    1906 |   0.0 |       0 |      27 |   0.0 |   930
           D:7 |       0 |    1046 |   0.0 |       0 |      14 |   0.0 |   475
           D:8 |       0 |    3128 |   0.0 |       0 |      20 |   0.0 |  1005
           D:9 |       0 |    3929 |   0.0 |       0 |      38 |   0.0 |  1126
          D:10 |       0 |    4008 |   0.0 |       0 |      22 |   0.0 |   990
          D:11 |       0 |    3447 |   0.0 |       0 |      17 |   0.0 |  1322
          D:12 |       0 |    2037 |   0.0 |       0 |      12 |   0.0 |  1183
          D:13 |       0 |    6922 |   0.0 |       0 |      33 |   0.0 |  1056
          D:14 |       0 |   17572 |   0.0 |       0 |      43 |   0.0 |  1749
          D:15 |       0 |    6622 |   0.0 |       0 |      18 |   0.0 |  1481
        Temple |       0 |     272 |   0.0 |       0 |       6 |   0.0 |    58
        Lair:1 |       0 |    3904 |   0.0 |       0 |      18 |   0.0 |  1387
        Lair:2 |       0 |    3992 |   0.0 |       0 |      20 |   0.0 |  1063
        Lair:3 |       0 |    6224 |   0.0 |       0 |      32 |   0.0 |  1219
        Lair:4 |       0 |    4245 |   0.0 |       0 |      21 |   0.0 |   711
        Lair:5 |       0 |    4181 |   0.0 |       0 |      17 |   0.0 |   906
        Lair:6 |       0 |   10475 |   0.0 |       0 |      42 |   0.0 |  1085
       Swamp:1 |       0 |   13041 |   0.0 |       0 |      40 |   0.0 |   840
       Swamp:2 |       0 |    9869 |   0.0 |       0 |      25 |   0.0 |   720
       Swamp:3 |       0 |    7788 |   0.0 |       0 |      25 |   0.0 |   905
       Swamp:4 |       0 |   26696 |   0.0 |       0 |      76 |   0.0 |   934
      Spider:1 |       0 |   12860 |   0.0 |       0 |      71 |   0.0 |   472
      Spider:2 |       0 |   17913 |   0.0 |       0 |      44 |   0.0 |  1143
      Spider:3 |       0 |   10274 |   0.0 |       0 |      27 |   0.0 |   637
      Spider:4 |       0 |   33924 |   0.0 |       0 |     109 |   0.0 |   816
         Orc:1 |       0 |    4541 |   0.0 |       0 |      39 |   0.0 |   535
         Orc:2 |       0 |   13162 |   0.0 |       0 |      81 |   0.0 |  1302
         Elf:1 |       0 |   27439 |   0.0 |       0 |      48 |   0.0 |  1287
         Elf:2 |       0 |   40777 |   0.0 |       0 |      77 |   0.0 |  1203
         Elf:3 |       0 |   32015 |   0.0 |       0 |      44 |   0.0 |  1239
      Vaults:1 |       0 |   56704 |   0.0 |       0 |     133 |   0.0 |  1717
      Vaults:2 |       0 |   60766 |   0.0 |       0 |     121 |   0.0 |  1383
      Vaults:3 |       0 |   40300 |   0.0 |       0 |      71 |   0.0 |  1379
      Vaults:4 |       0 |   64985 |   0.0 |       0 |     105 |   0.0 |  1832
      Vaults:5 |       0 |  115711 |   0.0 |       0 |     151 |   0.0 |  1808
      Depths:1 |       0 |   53614 |   0.0 |       0 |      91 |   0.0 |  1374
      Depths:2 |     538 |   72599 |   0.7 |       3 |     125 |   2.3 |  1488
      Depths:3 |       0 |   39166 |   0.0 |       0 |      50 |   0.0 |  1118
      Depths:4 |       0 |   56272 |   0.0 |       0 |      64 |   0.0 |  1166
      Depths:5 |       0 |   85632 |   0.0 |       0 |      69 |   0.0 |  1294
         Zot:1 |       0 |    6881 |   0.0 |       0 |       5 |   0.0 |    32
       Abyss:3 |    6749 |    4889 |  58.0 |      20 |      11 |  64.5 |   324
       Abyss:4 |   22006 |   22407 |  49.5 |      45 |      51 |  46.9 |   631
               +---------+---------+-------+---------+---------+-------+---------
